 Dungeon Crawl Stone Soup version 0.29.1-15-g9cfb28693d (webtiles) character file.

Game seed: 17210632685611852920

83600 386 the Warrior (level 15, 0/190 (193) HPs)
             Began as a Minotaur Hunter on Mar 25, 2023.
             Was a Follower of Hepliaklqana.
             Constricted to death by Jorgrun (14 damage)
             ... on level 1 of the Spider Nest on Mar 26, 2023.
             The game lasted 02:56:46 (35261 turns).

386 the Warrior (Minotaur Hunter)                  Turns: 35261, Time: 02:56:46

HP:   0/190 (193)   AC: 21    Str: 16    XL:     15   Next: 32%
MP:   18/18         EV: 17    Int:  6    God:    Hepliaklqana [*.....]
Gold: 1010          SH: 14    Dex: 19    Spells: 14/14 levels left

rFire   + . .      SeeInvis .   A - +7 trident "With Two Names" {vamp, Fly rPois Will+}
rCold   + . .      Faith    .   T - +1 kite shield
rNeg    . . .      Spirit   .   S - +4 scale mail {rF+}
rPois   +          Reflect  .   (helmet restricted)
rElec   .          Harm     .   J - +0 cloak
rCorr   .          Rampage  +   e - +2 pair of gloves
Will    ++...                   N - +2 pair of boots {rampage}
Stlth   ..........              (no amulet)
HPRegen 0.41/turn               K - +4 ring of evasion
MPRegen 0.16/turn               I - ring of protection from cold

@: berserking, grasped by roots, flying, constricted, lightly drained, very
quick
A: reduced essence, horns 2, retaliatory headbutt, weak 1, subdued magic 1
a: Renounce Religion, Recall Ancestor, Ancestor Identity


You were on level 1 of the Spider Nest.
You worshipped Hepliaklqana.
Hepliaklqana was aware of your devotion.
You visited 5 branches of the dungeon, and saw 21 of its levels.

You collected 1662 gold pieces.
You spent 652 gold pieces at shops.

Inventory:

Hand Weapons
 y - a +2 vorpal morningstar
 A - the +7 trident "With Two Names" (weapon) {vamp, Fly rPois Will+}
   (You found it on level 5 of the Lair of Beasts)

   It occasionally heals its wielder for a portion of the damage dealt when it
   wounds a living foe.
   rPois:     It protects you from poison.
   Fly:       It grants you flight.
   Will:      It increases your willpower.
Missiles
 v - 7 throwing nets
 w - 6 poisoned darts (quivered)
 O - 9 curare-tipped darts
Armour
 e - a +2 pair of gloves (worn)
 J - a +0 cloak (worn)
 N - a +2 pair of boots of rampaging (worn)
 S - a +4 scale mail of fire resistance (worn)
 T - a +1 kite shield (worn)
Jewellery
 c - the ring "Joghun" {Fly rElec rF+ Will+ Int+6}
   (You found it on level 1 of the Spider Nest)

   [ring of intelligence]

   Int:       It affects your intelligence (+6).
   rF:        It protects you from fire.
   rElec:     It insulates you from electricity.
   Fly:       It grants you flight.
   Will:      It increases your willpower.
 r - a ring of positive energy
 x - a ring of ice
 B - a ring of flight
 I - a ring of protection from cold (right hand)
 K - a +4 ring of evasion (left hand)
Wands
 j - a wand of flame (30)
 p - a wand of charming (13)
 Q - a wand of acid (7)
 R - a wand of iceblast (14)
 V - a wand of polymorph (9)
Scrolls
 b - 6 scrolls of immolation
 f - 5 scrolls of silence
 g - a scroll of identify
 i - 7 scrolls of fog
 k - 4 scrolls of teleportation
 m - 5 scrolls of magic mapping
 t - 5 scrolls of poison
 u - 2 scrolls of enchant weapon
 H - a scroll of torment {unknown}
 L - 5 scrolls of vulnerability
 P - 3 scrolls of blinking
 W - 3 scrolls of fear
 Y - a scroll of acquirement {unknown}
Potions
 a - 2 potions of might
 d - a potion of ambrosia {unknown}
 l - 2 potions of attraction {unknown}
 n - 4 potions of curing
 o - 3 potions of berserk rage
 q - a potion of heal wounds
 s - a potion of cancellation {unknown}
 z - 2 potions of mutation
 C - 3 potions of haste
 D - 3 potions of brilliance
 E - a potion of lignification
 M - a potion of flight {unknown}
 U - a potion of magic
Miscellaneous
 F - a phial of floods


   Skills:
 + Level 16.0 Fighting
 - Level 13.0 Maces & Flails
 * Level 8.6 Polearms
 - Level 8.3 Ranged Weapons
 - Level 3.0 Throwing
 - Level 10.0 Armour
 - Level 13.3 Dodging
 - Level 2.6 Stealth
 + Level 12.4 Shields
 - Level 6.0 Invocations
 - Level 4.0 Evocations


You had 14 spell levels left.
You didn't know any spells.
Your spell library contained the following spells:

 Spells                   Type           Power      Damage    Failure   Level
 Magic Dart               Conj           0%         1d3       95%         1
 Summon Small Mammal      Summ           0%         N/A       95%         1
 Call Imp                 Summ           0%         N/A       99%         2
 Static Discharge         Conj/Air       0%         3-3/arc   99%         2
 Sublimation of Blood     Necr           0%         N/A       99%         2
 Wereblood                Tmut           0%         N/A       99%         2
 Call Canine Familiar     Summ           0%         N/A       100%        3
 Mephitic Cloud           Conj/Pois/Air  0%         N/A       100%        3
 Summon Guardian Golem    Hex/Summ       0%         N/A       100%        3
 Animate Armour           Summ/Erth      0%         N/A       100%        4
 Corpse Rot               Necr/Pois/Air  0%         N/A       100%        4
 Dispel Undead            Necr           0%         3d6       100%        4
 Leda's Liquefaction      Hex/Erth       0%         N/A       100%        4
 Sticky Flame             Conj/Fire      0%         2d3       100%        4
 Blade Hands              Tmut           0%         N/A       100%        5
 Fireball                 Conj/Fire      0%         3d3       100%        5
 Iskenderun's Battlesphe  Conj           0%         2d6       100%        5
 Lee's Rapid Deconstruct  Erth           0%         3d5*      100%        5
 Conjure Ball Lightning   Conj/Air       0%         3x3d6     100%        6
 Death Channel            Necr           0%         N/A       100%        6
 Iron Shot                Conj/Erth      0%         9d1       100%        6
 Statue Form              Tmut/Erth      0%         N/A       100%        6
 Orb of Destruction       Conj           0%         9d5       100%        7
 Summon Hydra             Summ           0%         N/A       100%        7


Dungeon Overview and Level Annotations

Branches:
Dungeon (11/15)            Temple (1/1) D:6            Lair (5/5) D:10
  Swamp (0/4) Lair:3       Spider (2/4) Lair:2        Slime (0/5) Lair:5
    Orc (2/2) D:10            Elf (0/3) Orc:2

Altars:
Ashenzari
Cheibriados
Dithmenos
Elyvilon
Fedhas
Gozag
Hepliaklqana
Kikubaaqudgha
Makhleb
Nemelex Xobeh
Okawaru
Qazlal
Ru
Sif Muna
Trog
Uskayaw
Vehumet
Wu Jian
Xom
Yredelemnul
Zin
The Shining One

Shops:
D:8 =*(   D:10 [!*   Orc:1 !   Orc:2 (=[?*

Portals:
Pandemonium: Orc:2

Annotations:
D:6 2 transporters, ghwc's ghost, novice GrWr
D:7 2 transporters, Gabide's ghost, novice OgMo
Lair:4 1 runed translucent door, Hiywul's ghost, journeyman MiHu
Spider:1 Jorgrun


Innate Abilities, Weirdness & Mutations

Your life essence is reduced to manifest your ancestor. (-10% HP)
You have a pair of horns on your head.
You reflexively headbutt those who attack you in melee.
You are weak. (Str -2)
Your spells are a little easier to cast, but a little less powerful.


Message History

* * * LOW HITPOINT WARNING * * *
Your limbs are stiffening.
You puncture Jorgrun!
You feel better.
Jorgrun is almost dead.
Jorgrun barely misses you. The grasping roots constrict you!
Jorgrun points at you and mumbles some strange words.
You easily resist.
The grasping roots constrict you.
You have turned to stone.
Jorgrun hits you but does no damage. The grasping roots constrict you!
* * * LOW HITPOINT WARNING * * *
The grasping roots release their grip on you.
Jorgrun hits you but does no damage. Jorgrun casts a spell at you.
Jorgrun hits you but does no damage.
The demonic crawler shrieks in warning!
Jorgrun hits you but does no damage.
Jorgrun points at you and mumbles some strange words.
Roots burst forth from the earth!
The grasping roots grab you! The grasping roots constrict you.
Jorgrun points at you and mumbles some strange words.
You easily resist.
The grasping roots constrict you.
* * * LOW HITPOINT WARNING * * *
Jorgrun casts a spell at you. The iron shot hits you!
* * * LOW HITPOINT WARNING * * *
The grasping roots constrict you!
* * * LOW HITPOINT WARNING * * *
Jorgrun points at you and mumbles some strange words.
The iron shot hits you!!
* * * LOW HITPOINT WARNING * * *
The grasping roots constrict you. Jorgrun hits you with a staff of earth!
* * * LOW HITPOINT WARNING * * *
The grasping roots constrict you.
* * * LOW HITPOINT WARNING * * *
You turn to flesh and can move again.
A red film seems to cover your vision as you go berserk!
You feel yourself moving faster!
You feel mighty! Jorgrun misses you. The grasping roots constrict you!
You die...

#..........##
######..........#
#.#
....†#..........#
#...
#.†............##
.....
.#####........##
..... #
##......## ......
##.....###
#^.....
#.......##gs.....
#........@#......
#.....##.........
#.....#.###......
#......# ...... #
####.....# .....
## ##.......##
....#
.###........#
#..#
............# #^#
............#


You could see Jorgrun and a demonic crawler.

Vanquished Creatures
  Azrael (Spider:1)
  An entropy weaver (Spider:1)
  2 boulder beetles (Lair:2)
  A catoblepas (Lair:5)
  A merfolk avatar (Lair:5)
  13 hydras
  2 demonspawn (Orc:2)
  2 two-headed ogres
  4 death yaks (Lair:5)
  6 orc high priests (Orc:2)
  Urug (Lair:1)
  A sun demon (Orc:2)
  Amaemon (Lair:1)
  A fire crab (Lair:4)
  A sea snake (Lair:5)
  4 orb spiders (Spider:1)
  A steelbarb worm (Lair:2)
  A lindwurm (Lair:1)
  3 orc knights (Orc:2)
  2 harpies (Lair:5)
  An oklob plant (D:10)
  2 cyclopes
  A wolf spider (Lair:2)
  6 orc sorcerers (Orc:2)
  26 elephants
  4 black mambas
  An orange demon (Lair:1)
  A smoke demon (Orc:2)
  A gargoyle (D:11)
  A torpor snail (Lair:3)
  16 cane toads
  A rime drake (Lair:1)
  9 komodo dragons
  A kobold demonologist (D:10)
  4 polar bears
  2 burning bushes (Lair:2)
  3 trolls
  2 wind drakes (Lair:5)
  2 hornets
  A tarantella (Lair:2)
  A slime creature (Lair:4)
  29 blink frogs
  3 dream sheep (Lair:3)
  A snapping turtle (Lair:5)
  7 culicivoras
  A wraith (D:11)
  4 jumping spiders
  2 vampires
  Eustachio (D:6)
  3 shadows
  2 fire elementals (Spider:1)
  37 yaks
  3 basilisks
  4 wyverns
  5 redbacks
  Grum (D:9)
  2 steam dragons (Lair:5)
  A neqoxec (Orc:2)
  A chaos spawn (Orc:2)
  2 wargs (Orc:2)
  3 swamp worms (Lair:3)
  2 acid dragons
  13 water moccasins
  4 hell hounds (Spider:1)
  25 orc warriors
  2 sky beasts (D:7)
  2 black bears
  5 ogres
  14 wolves
  3 centaurs
  14 bullfrogs
  4 gnoll sergeants (D:8)
  A kobold brigand (D:10)
  2 necrophages
  2 scorpions
  16 killer bees
  2 howler monkeys (D:11)
  4 jellies
  Crazy Yiuf (D:6)
  4 gnoll boudas
  10 hounds
  25 orc priests
  10 hell rats
  3 iguanas
  22 orc wizards
  A mummy (D:4)
  31 gnolls
  6 adders
  A white imp (D:7)
  An ufetubus (D:5)
  2 worms (D:2)
  A dart slug (D:4)
  77 orcs
  7 endoplasms
  2 giant cockroaches
  7 goblins
  2 hobgoblins
  4 jackals
  9 kobolds
  A quokka (D:2)
  5 ball pythons
  3 bats
  3 frilled lizards
  4 rats
604 creatures vanquished.

Vanquished Creatures (collateral kills)
  A jorogumo (Spider:1)
  An orc knight (Orc:2)
  An orange demon (Orc:2)
  A hellwing (Orc:2)
  2 jumping spiders (Spider:1)
  2 orc warriors (Orc:2)
  2 orc priests (Orc:2)
  An orc wizard (Orc:2)
  5 orcs (Orc:2)
16 creatures vanquished.

Vanquished Creatures (others)
  7 ancestors
  An orc (Orc:2)
  10 bushes (Lair:1)
  36 fungi
  215 plants
269 creatures vanquished.

Grand Total: 889 creatures vanquished

Notes
Turn   | Place    | Note
-------+----------+-------------------------------------------
     0 | D:1      | 386 the Minotaur Hunter began the quest for the Orb.
     0 | D:1      | Reached XP level 1. HP: 18/18 MP: 0/0
    47 | D:1      | Reached skill level 1 in Stealth
   302 | D:1      | Reached XP level 2. HP: 20/25 MP: 1/1
   814 | D:2      | Reached skill level 3 in Fighting
   851 | D:2      | Reached XP level 3. HP: 31/31 MP: 2/2
  1000 | D:2      | Found a faded altar of an unknown god.
  1598 | D:3      | Reached skill level 1 in Armour
  1894 | D:3      | Found a glowing golden altar of the Shining One.
  2307 | D:4      | Reached XP level 4. HP: 38/38 MP: 3/3
  2350 | D:4      | Noticed a necrophage
  2356 | D:4      | Killed a necrophage
  2357 | D:4      | Reached skill level 5 in Ranged Weapons
  2471 | D:4      | Reached XP level 5. HP: 45/45 MP: 4/4
  2484 | D:4      | Noticed a black bear
  2487 | D:4      | Killed a black bear
  2488 | D:4      | Reached skill level 4 in Fighting
  2524 | D:4      | Found a snail-covered altar of Cheibriados.
  2555 | D:4      | Found the +7 captain's cutlass {speed, disarm}
  2642 | D:4      | Reached XP level 6. HP: 49/52 MP: 5/5
  2662 | D:4      | Found a broken altar of Ashenzari.
  2749 | D:5      | Entered Level 5 of the Dungeon
  3125 | D:5      | Reached skill level 1 in Polearms
  3475 | D:5      | Reached XP level 7. HP: 50/60 MP: 6/6
  3782 | D:5      | Reached skill level 5 in Fighting
  4659 | D:6      | Found a staircase to the Ecumenical Temple.
  4673 | Temple   | Entered the Ecumenical Temple
  4831 | D:3      | Became a worshipper of the Shining One
  4994 | D:6      | Noticed Eustachio
  5010 | D:6      | Killed Eustachio
  5011 | D:6      | Reached skill level 5 in Dodging
  5011 | D:6      | Reached XP level 8. HP: 53/70 MP: 7/7
  5153 | D:6      | Reached skill level 5 in Armour
  5155 | D:6      | Reached skill level 6 in Fighting
  5906 | D:6      | Found a runed translucent door.
  5907 | D:6      | Noticed Crazy Yiuf
  5912 | D:6      | Killed Crazy Yiuf
  5996 | D:6      | Noticed ghwc's ghost (novice GrWr)
  5997 | D:6      | Found a transporter.
  5997 | D:6      | Identified the +5 dire flail "Otaeret" {elec, Will- MP+9
                  | Int+4 Stlth+}
  5997 | D:6      | Identified the +8 great mace of the Doomed Warrior {venom,
                  | Int+3}
  5997 | D:6      | Noticed a two-headed ogre
  6005 | D:6      | Found a transporter.
  6275 | D:7      | Reached skill level 7 in Fighting
  6310 | D:7      | Reached XP level 9. HP: 72/79 MP: 8/8
  6559 | D:7      | Found a transporter.
  6573 | D:7      | Found a bloodstained altar of Trog.
  6573 | D:7      | Noticed Gabide's ghost (novice OgMo)
  6574 | D:7      | Reached * piety under the Shining One
  6574 | D:7      | Noticed a moth of wrath
  6593 | D:7      | Found a transporter.
  7734 | D:7      | Reached skill level 8 in Fighting
  7876 | D:8      | Found Helaihev's Demolitions Depot.
  7905 | D:8      | Reached skill level 1 in Shields
  7965 | D:8      | Reached skill level 1 in Maces & Flails
  7972 | D:8      | Found Zegikl Loabb's Weapon Shoppe.
  8782 | D:8      | Found Feczeqaps's Jewellery Boutique.
  9289 | D:8      | Reached XP level 10. HP: 90/90 MP: 9/9
  9622 | D:8      | Found a burning altar of Makhleb.
  9700 | D:8      | Found a hazy altar of Hepliaklqana.
  9966 | D:9      | Reached ** piety under the Shining One
 10075 | D:9      | Reached skill level 9 in Fighting
 10151 | D:9      | Noticed a two-headed ogre
 10166 | D:9      | Killed a two-headed ogre
 10271 | D:9      | Noticed Grum
 10280 | D:9      | Reached skill level 5 in Maces & Flails
 10287 | D:9      | Killed Grum
 10288 | D:9      | Reached skill level 5 in Shields
 10666 | D:10     | Entered Level 10 of the Dungeon
 11076 | D:10     | Reached skill level 10 in Fighting
 11127 | D:10     | Noticed an oklob plant
 11172 | D:10     | Noticed a rust devil
 11175 | D:10     | Noticed an orange demon
 11194 | D:10     | Found a staircase to the Orcish Mines.
 11462 | D:10     | Reached XP level 11. HP: 100/100 MP: 10/10
 11521 | D:10     | Found Jorubow's Antique Armour Boutique.
 11523 | D:10     | Found Azuwuc's Assorted Antiques.
 11524 | D:10     | Found Puqaetis's Distillery.
 11744 | D:10     | Bought a glowing scale mail for 168 gold pieces
 11795 | D:10     | Found a blossoming altar of Fedhas.
 11915 | D:10     | Found a staircase to the Lair.
 12069 | D:11     | Noticed a seven-headed hydra
 12476 | D:11     | Reached skill level 10 in Armour
 12486 | D:11     | Reached *** piety under the Shining One
 12821 | D:11     | Killed a seven-headed hydra
 13209 | D:11     | Gained mutation: You are weak. (Str -2) [potion of
                  | mutation]
 13209 | D:11     | Gained mutation: Your spells are a little easier to cast,
                  | but a little less powerful. [potion of mutation]
 13692 | D:11     | Reached skill level 11 in Fighting
 13742 | D:10     | The Shining One protects you from harm!
 14733 | D:10     | Killed an oklob plant
 14980 | Lair:1   | Entered Level 1 of the Lair of Beasts
 15010 | Lair:1   | Noticed a lindwurm
 15077 | Lair:1   | Reached skill level 1 in Throwing
 15498 | Lair:1   | Noticed Amaemon
 15513 | Lair:1   | Killed Amaemon
 15514 | Lair:1   | Reached skill level 1 in Evocations
 15630 | Lair:1   | Noticed Urug
 15651 | Lair:1   | Killed Urug
 16121 | Lair:1   | Killed a lindwurm
 16257 | Lair:1   | Reached XP level 12. HP: 89/112 MP: 11/11
 16444 | Lair:1   | Reached skill level 12 in Fighting
 18020 | Lair:2   | Noticed an eight-headed hydra
 18028 | Lair:2   | Killed an eight-headed hydra
 18196 | Lair:2   | Found a hole to the Spider Nest.
 18226 | Lair:2   | Reached skill level 10 in Dodging
 18263 | Lair:2   | Reached **** piety under the Shining One
 18300 | Lair:2   | Reached skill level 10 in Maces & Flails
 18670 | Lair:2   | Noticed an eight-headed hydra
 18820 | Lair:2   | Reached skill level 13 in Fighting
 19092 | Lair:2   | Killed an eight-headed hydra
 19321 | Lair:2   | Noticed a four-headed hydra
 19326 | Lair:2   | Killed a four-headed hydra
 19886 | Lair:2   | Reached skill level 10 in Shields
 19886 | Lair:2   | Reached XP level 13. HP: 103/122 MP: 12/12
 20798 | Lair:3   | Reached skill level 1 in Invocations
 21938 | Lair:3   | Found a staircase to the Swamp.
 22409 | Lair:4   | Reached skill level 14 in Fighting
 22822 | Lair:4   | Reached ***** piety under the Shining One
 23740 | Lair:4   | Identified the +8 spear of Riaruneu {holy, *Noise rPois
                  | rN+++ Int+7}
 23740 | Lair:4   | Found a runed translucent door.
 23741 | Lair:4   | Noticed Hiywul's ghost (journeyman MiHu)
 23912 | Lair:5   | Entered Level 5 of the Lair of Beasts
 23912 | Lair:5   | Found a staircase to the Slime Pits.
 23941 | Lair:4   | HP: 6/124 [blink frog (10)]
 24633 | Lair:5   | Reached XP level 14. HP: 55/133 MP: 16/16
 25059 | Lair:5   | Reached skill level 5 in Invocations
 26828 | Lair:5   | Reached skill level 15 in Fighting
 27140 | Lair:5   | Identified the +7 trident "With Two Names" {vamp, Fly rPois
                  | Will+}
 27609 | D:8      | Bought a +4 ring of evasion for 432 gold pieces
 27638 | D:8      | Fell from the grace of the Shining One
 27638 | D:8      | Became a worshipper of Hepliaklqana the Forgotten
 27714 | Orc:1    | Entered Level 1 of the Orcish Mines
 27819 | Orc:1    | Found Ronlysal's Distillery.
 27929 | Orc:1    | Bought a potion of might for 52 gold pieces
 28017 | Orc:1    | Paralysed by an orc sorcerer for 5 turns
 28026 | Orc:2    | Entered Level 2 of the Orcish Mines
 28183 | Orc:2    | Found a staircase to the Elven Halls.
 28801 | Orc:2    | Reached * piety under Hepliaklqana
 28900 | Orc:2    | Found Hututhri's Antique Weapon Shop.
 29386 | Orc:2    | Found Piegal's Magic Scroll Boutique.
 29389 | Orc:2    | Found Otuxkyp's General Store.
 30539 | Orc:2    | Reached skill level 5 in Polearms
 31611 | Orc:2    | Reached XP level 15. HP: 123/126 MP: 18/18
 31903 | Orc:2    | Found Qoamp's Jewellery Shoppe.
 31903 | Orc:2    | Found Iraipp's Antique Armour Emporium.
 31904 | Orc:2    | Found a one-way gate leading to the halls of Pandemonium.
 32048 | Spider:1 | Entered Level 1 of the Spider Nest
 33964 | Spider:1 | HP: 5/128 [entropy weaver (6)]
 34360 | Spider:1 | Noticed Azrael
 34407 | Spider:1 | Killed Azrael
 34808 | Spider:1 | Identified the ring "Joghun" {Fly rElec rF+ Will+ Int+6}
 35118 | Spider:1 | Reached skill level 16 in Fighting
 35223 | Spider:1 | Noticed Jorgrun
 35261 | Spider:1 | Constricted to death by Jorgrun

Illustrated notes

Levels and vault maps discovered:
D:1:      minmay_arrival_statue_studded, layout_loops_ring
D:2:      layout_basic, shapermc_ecumenical_altar_starsandcircs,
          grunt_ministairs_3, minmay_liquid_box
D:3:      layout_loops_ring, mainiacjoe_overflow_brackets
D:4:      layout_basic, slow_altar_2, marbit_many_paths
D:5:      layout_layer_cave, minmay_misc_feat_diagonals
D:6:      layout_rooms, temple_pool_b, gammafunk_ghost_smash,
          uniq_crazy_yiuf_cottage, uniq_eustachio
D:7:      layout_basic, gammafunk_ghost_wrathful_warriors, serial_bayou_pond_c,
          minivault_5
D:8:      layout_cave_pools, lightli_temple_of_fire,
          nicolae_overflow_crystal_walls, serial_shops,
          nicolae_shop_behind_doors, serial_gnoll_camp, gnoll_camp_medium_02,
          gnoll_camp_huts_basic, gnoll_camp_mini_loothouse,
          gnoll_camp_mini_sergeant, gnoll_camp_mini_shop, serial_bayou_pond_a,
          minmay_misc_feat_x, nicolae_blasting_shop
D:9:      layout_roguey, enter_bailey_2, grunt_decor_one_mirror, uniq_grum
D:10:     layout_small_grid, mainiacjoe_overflow_surrounded_room,
          dpeg_oklobed_lair, hiddenorc2_lemuel, nicolae_wooded_promenade
D:11:     layout_basic
Temple:   nicolae_temple_x_marks_the_god
Lair:1:   layout_concentric_octagons, serial_forest,
          infiniplex_forest_clump_tiny, infiniplex_forest_corner_2,
          infiniplex_forest_zigzag_1, infiniplex_forest_end_1,
          infiniplex_forest_join, infiniplex_forest_clump_cross,
          infiniplex_forest_lined_2, uniq_amaemon, uniq_urug
Lair:2:   layout_cave_pods, hellmonk_spider_entry_life_and_decay,
          evilmike_ambush [evilmike_ambush_outer_pillars,
          evilmike_ambush_inner_basic], lemuel_fruit_tree, grunt_megastairs_4
Lair:3:   layout_regular_city, palyth_hydra_swamp_entry
Lair:4:   layout_loops_ring, ebering_ghost_funeral_grove, serial_bayou_shore_b,
          grunt_megastairs_5
Lair:5:   gammafunk_lair_ancient_temple, layout_regular_city,
          minmay_slime_entry_pillars, infiniplex_staircase_pool_2
Spider:1: layout_cave_pods, uniq_azrael, uniq_jorgrun, uniq_aizul
Spider:2: layout_spider_delve, drop_trap, guppyfry_spider_mini_1, uniq_agnes
Orc:1:    layout_caves, serial_shops, nicolae_shop_advertising_works
          [nicolae_subvault_shop_adworks], rock_pile
Orc:2:    pf_orc_diabolical, layout_diamond_mine, serial_shops,
          nicolae_shop_overgrown_old_shop

Skill      XL: |  1  2  3  4  5  6  7  8  9 10 11 12 13 14 15 |
---------------+----------------------------------------------+-----
Stealth        | 1 2 |  2.6
Fighting       | 3 4 5 7 8 10 11 13 14 15 16 | 16.0
Armour         | 1 2 3 4 6 8 9 10 | 10.0
Ranged Weapons | 5 6 7 8 |  8.3
Dodging        | 3 4 5 6 7 9 10 12 13 | 13.3
Polearms       | 1 6 8 |  8.6
Shields        | 3 6 7 10 12 | 12.4
Maces & Flails | 3 6 8 10 12 13 | 13.0
Throwing       | 2 3 |  3.0
Evocations     | 2 3 4 |  4.0
Invocations    | 4 6 |  6.0

Action                   |  1- 3 |  4- 6 |  7- 9 | 10-12 | 13-15 || total
-------------------------+-------+-------+-------+-------+-------++-------
Melee: Halberd           |       |    12 |       |       |       ||    12
       Headbutt          |       |     1 |       |   214 |   435 ||   650
       Morningstar       |       |       |       |   637 |  1057 ||  1694
       Trident           |       |       |       |       |   266 ||   266
 Fire: Shortbow          |    16 |       |       |       |       ||    16
       Arbalest          |    66 |    62 |   300 |    24 |       ||   452
Invok: Divine Shield     |       |       |       |       |     1 ||     1
       Ancestor Identity |       |       |       |       |     1 ||     1
       Recall Ancestor   |       |       |       |       |     1 ||     1
Evoke: Wand              |       |       |       |     3 |       ||     3
  Use: Scroll            |       |       |     8 |     7 |    14 ||    29
       Potion            |       |       |       |     7 |     5 ||    12
Armor: Leather armour    |     9 |    10 |     6 |       |       ||    25
       Ring mail         |       |       |    74 |    54 |       ||   128
       Scale mail        |       |       |       |   197 |   393 ||   590
Dodge: Dodged            |    12 |    41 |   200 |   401 |   739 ||  1393
Block: Buckler           |       |       |       |   282 |       ||   282
       Kite shield       |       |       |       |       |   894 ||   894
